Workbook

Sheet Company Comparison
B2: Year | C2: 2022
B3: Quarter | C3: Q2
B5: Tickers | C5: AAPL | D5: TSLA | E5: AMZN | F5: MSFT
B6: Name | C6: {=[1]!_xldudf_WISEPRICE(C5:F5,B6:B8)} -> #NAME?
B7: Price
B8: PE
A9: (millions of $'s) | B9: Market Cap | C9: {=[1]!_xldudf_WISEPRICE(C$5:F$5,$B9)/1000000} -> #NAME?
B10: Revenue Per Share | C10: {=[1]!_xldudf_WISE(C5, $B$10:$B$13, $C$2, $C$3)} -> #NAME? | D10: {=[1]!_xldudf_WISE(D5, $B$10:$B$13, $C$2, $C$3)} -> #NAME? | E10: {=[1]!_xldudf_WISE(E5, $B$10:$B$13, $C$2, $C$3)} -> #NAME? | F10: {=[1]!_xldudf_WISE(F5, $B$10:$B$13, $C$2, $C$3)} -> #NAME?
B11: Revenue Growth
B12: EPS
B13: Dividend Yield
B15: Instructions:
B16: 1. Make sure you download the Wisesheets add-in and sign in with your account
B17: 2. Green cells are to be entered in manually or if left blank will be filled with the average of previous years statements model
B18: 3. If you find #NAME then click on find and select and replace everything before the function with nothing for example: '/Applications/Microsoft Excel.app/Contents/Frameworks/ATP.framework/Resources/en.lproj/FUNCRES.XLAM'!_xldudf_
B19: 4. Contact us at info@wisesheets.io if you have any questions

Sheet Statements Model
B2: Ticker | C2: AAPL | E2: Instructions:
B3: Currency | C3: USD | E3: 1. Make sure you download the Wisesheets add-in and sign in with your account
B4: Current Year | C4: 2025 | E4: 2. Green cells are to be entered in manually or if left blank will be filled with the average of previous years statements model
B5: Price | C5: {=_xldudf_WISEPRICE($C$2,B5:B6)} -> 207.72 | E5: 3. If you find #NAME then click on find and select and replace everything before the function with nothing for example: '/Applications/Microsoft Excel.app/Contents/Frameworks/ATP.framework/Resources/en.lproj/FUNCRES.XLAM'!_xldudf_
B6: Shares Outstanding | C6: 14935800000 | E6: 4. Contact us at info@wisesheets.io if you have any questions
B7: Estimated Tax Rate | C7: 0.35
B9: Income Statement | C9: FY | F9: E
C10: =D10-1 -> 2022 | D10: =E10-1 -> 2023 | E10: =F10-1 -> 2024 | F10: =C4 -> 2025 | G10: =F10+1 -> 2026 | H10: =G10+1 -> 2027 | I10: =H10+1 -> 2028 | J10: =I10+1 -> 2029
B12: Revenue | C12: {=_xldudf_WISE($C$2, B12:B13, $C$10:$E$10)} -> 394328000000 | D12: 383285000000 | E12: 391035000000 | F12: =E12*(1+F13) -> 4.0017218e+11 | G12: =F12*(1+G13) -> 4.0224863e+11 | H12: =G12*(1+H13) -> 4.0878592e+11 | I12: =H12*(1+I13) -> 4.1489146e+11 | J12: =I12*(1+J13) -> 4.5638061e+11
B13: Revenue Growth | C13: 0.0779 | D13: -0.028 | E13: 0.0202 | F13: =AVERAGE(C13:E13) -> 0.023366667 | G13: =AVERAGE(D13:F13) -> 0.0051888889 | H13: =AVERAGE(E13:G13) -> 0.016251852 | I13: =AVERAGE(F13:H13) -> 0.014935802 | J13: 0.1
B15: Cost of Revenue | C15: {=_xldudf_WISE($C$2, B15, $C$10:$E$10)} -> 223546000000 | D15: 214137000000 | E15: 210352000000 | F15: =F12*F16 -> 2.2189933e+11 | G15: =G12*G16 -> 2.2138891e+11 | H15: =H12*H16 -> 2.238545e+11 | I15: =I12*I16 -> 2.285355e+11 | J15: =J12*J16 -> 2.5082959e+11
B16: COGS % of Revenue | C16: =C15/C12 -> 0.56690369 | D16: =D15/D12 -> 0.5586887 | E16: =E15/E12 -> 0.5379365 | F16: =AVERAGE(C16:E16) -> 0.55450963 | G16: =AVERAGE(D16:F16) -> 0.55037828 | H16: =AVERAGE(E16:G16) -> 0.54760814 | I16: =AVERAGE(F16:H16) -> 0.55083202 | J16: =AVERAGE(G16:I16) -> 0.54960615
B17: Gross Profit | C17: {=_xldudf_WISE(C2,B17:B18,C10:E10)} -> 170782000000 | D17: 169148000000 | E17: 180683000000 | F17: =F12-F15 -> 1.7827285e+11 | G17: =G12-G15 -> 1.8085972e+11 | H17: =H12-H15 -> 1.8493142e+11 | I17: =I12-I15 -> 1.8635596e+11 | J17: =J12-J15 -> 2.0555102e+11
B18: Gross Profit Ratio | C18: 0.43309631 | D18: 0.441 | E18: 0.4620635 | F18: =F17/F12 -> 0.44549037 | G18: =G17/G12 -> 0.44962172 | H18: =H17/H12 -> 0.45239186 | I18: =I17/I12 -> 0.44916798 | J18: =J17/J12 -> 0.45039385
B20: Research And Development Expenses | C20: {=_xldudf_WISE($C$2, $B$20:$B$22, C10:E10)} -> 26251000000 | D20: 29915000000 | E20: 31370000000 | F20: =F12*F21 -> 2.9992032e+10 | G20: =G12*G21 -> 3.127078e+10 | H20: =H12*H21 -> 3.1736878e+10 | I20: =I12*I21 -> 3.1853245e+10 | J20: =J12*J21 -> 3.5316516e+10
B21: Research And Development To Revenue | C21: 0.066571484 | D21: 0.078048971 | E21: 0.080222998 | F21: =AVERAGE(C21:E21) -> 0.074947818 | G21: =AVERAGEA(D21:F21) -> 0.077739929 | H21: =AVERAGEA(E21:G21) -> 0.077636915 | I21: =AVERAGEA(F21:H21) -> 0.076774887 | J21: =AVERAGEA(G21:I21) -> 0.07738391
B22: Selling General And Administrative Expenses | C22: 25094000000 | D22: 24932000000 | E22: 26097000000 | F22: =F12*F23 -> 2.606773e+10 | G22: =G12*G23 -> 2.640464e+10 | H22: =H12*H23 -> 2.6914757e+10 | I22: =I12*I23 -> 2.719262e+10 | J22: =J12*J23 -> 2.997277e+10
B23: Sales General And Administrative To Revenue | C23: =C22/C12 -> 0.063637378 | D23: =D22/D12 -> 0.065048202 | E23: =E22/E12 -> 0.066738272 | F23: =AVERAGE(C23:E23) -> 0.065141284 | G23: =AVERAGE(D23:F23) -> 0.065642586 | H23: =AVERAGE(E23:G23) -> 0.065840714 | I23: =AVERAGE(F23:H23) -> 0.065541528 | J23: =AVERAGE(G23:I23) -> 0.065674942
B24: Selling And Marketing Expenses | C24: {=_xldudf_WISE(C2,B24,C10:E10)} -> 0 | D24: 0 | E24: 0 | F24: =F12*F25 -> 0 | G24: =G12*G25 -> 0 | H24: =H12*H25 -> 0 | I24: =I12*I25 -> 0 | J24: =J12*J25 -> 0
B25: Marketing Expense to Revenue | C25: =C24/C12 -> 0 | D25: =D24/D12 -> 0 | E25: =E24/E12 -> 0 | F25: =AVERAGE(C25:E25) -> 0 | G25: =AVERAGE(D25:F25) -> 0 | H25: =AVERAGE(E25:G25) -> 0 | I25: =AVERAGE(F25:H25) -> 0 | J25: =AVERAGE(G25:I25) -> 0
B26: Other Expenses | C26: {=_xldudf_WISE(C2,B26:B27,C10:E10)} -> 228000000 | D26: 382000000 | E26: 0
B27: Operating Expenses | C27: 51573000000 | D27: 54847000000 | E27: 57467000000 | F27: =SUM(F26,F24,F22,F20) -> 5.6059762e+10 | G27: =SUM(G26,G24,G22,G20) -> 5.7675421e+10 | H27: =SUM(H26,H24,H22,H20) -> 5.8651634e+10 | I27: =SUM(I26,I24,I22,I20) -> 5.9045866e+10 | J27: =SUM(J26,J24,J22,J20) -> 6.5289287e+10
B29: Cost And Expenses | C29: {=_xldudf_WISE($C$2, $B$29:$B$32, C10:E10)} -> 275119000000 | D29: 268984000000 | E29: 267819000000 | F29: =F27+F15 -> 2.7795909e+11 | G29: =G27+G15 -> 2.7906433e+11 | H29: =H27+H15 -> 2.8250613e+11 | I29: =I27+I15 -> 2.8758137e+11 | J29: =J27+J15 -> 3.1611887e+11
B30: EBITDA | C30: 130541000000 | D30: 125820000000 | E30: 134661000000 | F30: =F12-F29+F34 -> 1.3388226e+11 | G30: =G12-G29+G34 -> 1.3504825e+11 | H30: =H12-H29+H34 -> 1.3826034e+11 | I30: =I12-I29+I34 -> 1.39475e+11 | J30: =J12-J29+J34 -> 1.5366752e+11
B31: EBITDAratio | C31: 0.33104674 | D31: 0.32826748 | E31: 0.34437071
B32: Interest Expense | C32: 2931000000 | D32: 3933000000 | E32: 0 | F32: =F33*F85 -> 2.0477689e+09 | G32: =G33*G85 -> 1.8705465e+09 | H32: =H33*H85 -> 1.3061051e+09 | I32: =I33*I85 -> 1.7414735e+09 | J32: =J33*J85 -> 1.639375e+09
B33: Interest Expense (% of LT Debt) | C33: =C32/C85 -> 0.026716618 | D33: =D32/D85 -> 0.036912941 | E33: =E32/E85 -> 0 | F33: =AVERAGE(C33:E33) -> 0.021209853 | G33: =AVERAGE(D33:F33) -> 0.019374264 | H33: =AVERAGE(E33:G33) -> 0.013528039 | I33: =AVERAGE(F33:H33) -> 0.018037385 | J33: =AVERAGE(G33:I33) -> 0.016979896
B34: Depreciation And Amortization | C34: {=_xldudf_WISE(C2,B34:B36,C10:E10)} -> 11104000000 | D34: 11519000000 | E34: 11445000000 | F34: =F110 -> 1.1669172e+10 | G34: =G110 -> 1.186395e+10 | H34: =H110 -> 1.1980552e+10 | I34: =I110 -> 1.2164907e+10 | J34: =J110 -> 1.3405787e+10
B35: Operating Income | C35: 119437000000 | D35: 114301000000 | E35: 123216000000 | F35: =F12-F29 -> 1.2221309e+11 | G35: =G12-G29 -> 1.231843e+11 | H35: =H12-H29 -> 1.2627979e+11 | I35: =I12-I29 -> 1.273101e+11 | J35: =J12-J29 -> 1.4026174e+11
B36: Operating Income Ratio | C36: 0.30288744 | D36: 0.29821412 | E36: 0.31510223
B38: Total Other Income Expenses Net | C38: {=_xldudf_WISE($C$2, $B$38:$B$42, C10:E10)} -> -334000000 | D38: -565000000 | E38: 269000000
B39: Income Before Tax | C39: 119103000000 | D39: 113736000000 | E39: 123485000000 | F39: =F35-F38 -> 1.2221309e+11 | G39: =G35-G38 -> 1.231843e+11 | H39: =H35-H38 -> 1.2627979e+11 | I39: =I35-I38 -> 1.273101e+11 | J39: =J35-J38 -> 1.4026174e+11
B40: Income Before Tax Ratio | C40: 0.30204043 | D40: 0.29674002 | E40: 0.31579015
B41: Income Tax Expense | C41: 19300000000 | D41: 16741000000 | E41: 29749000000 | F41: =F39*$C$7 -> 4.2774582e+10 | G41: =G39*$C$7 -> 4.3114506e+10 | H41: =H39*$C$7 -> 4.4197926e+10 | I41: =I39*$C$7 -> 4.4558534e+10 | J41: =J39*$C$7 -> 4.9091608e+10
B42: Net Income | C42: 99803000000 | D42: 96995000000 | E42: 93736000000 | F42: =F39-F41 -> 7.9438509e+10 | G42: =G39-G41 -> 8.0069796e+10 | H42: =H39-H41 -> 8.2081863e+10 | I42: =I39-I41 -> 8.2751563e+10 | J42: =J39-J41 -> 9.1170128e+10
B44: EPS | C44: {=_xldudf_WISE($C$2,$B44,C10:E10)} -> 6.15 | D44: 6.16 | E44: 6.11 | F44: =F42/$C$6 -> 5.3186645 | G44: =G42/$C$6 -> 5.3609312 | H44: =H42/$C$6 -> 5.4956455 | I44: =I42/$C$6 -> 5.5404841 | J44: =J42/$C$6 -> 6.1041343
B47: Balance Sheet | C47: FY | F47: E
C48: =D48-1 -> 2022 | D48: =E48-1 -> 2023 | E48: =F48-1 -> 2024 | F48: =C4 -> 2025 | G48: =F48+1 -> 2026 | H48: =G48+1 -> 2027 | I48: =H48+1 -> 2028 | J48: =I48+1 -> 2029
B50: Assets
B52: Cash And Cash Equivalents | C52: {=_xldudf_WISE($C$2, $B$52:$B$55, C48:E48)} -> 23646000000 | D52: 29965000000 | E52: 29943000000 | F52: =F138 -> 1.1445043e+11 | G52: =G138 -> 1.9444842e+11 | H52: =H138 -> 2.853939e+11 | I52: =I138 -> 3.7731812e+11 | J52: =J138 -> 4.6031319e+11
B53: Short Term Investments | C53: 24658000000 | D53: 31590000000 | E53: 35228000000 | F53: =AVERAGE(C53:E53) -> 30492000000 | G53: =AVERAGE(D53:F53) -> 3.2436667e+10 | H53: =AVERAGE(E53:G53) -> 3.2718889e+10 | I53: =AVERAGE(F53:H53) -> 3.1882519e+10 | J53: =AVERAGE(G53:I53) -> 3.2346025e+10
B54: Cash And Short Term Investments | C54: 48304000000 | D54: 61555000000 | E54: 65171000000 | F54: =AVERAGE(C54:E54) -> 5.8343333e+10 | G54: =AVERAGE(D54:F54) -> 6.1689778e+10 | H54: =AVERAGE(E54:G54) -> 6.1734704e+10 | I54: =AVERAGE(F54:H54) -> 6.0589272e+10 | J54: =AVERAGE(G54:I54) -> 6.1337918e+10
B55: Net Receivables | C55: 60932000000 | D55: 60985000000 | E55: 66243000000 | F55: =F56*F12 -> 6.4432624e+10 | G55: =G56*G12 -> 6.5637308e+10 | H55: =H56*H12 -> 6.7257886e+10 | I55: =I56*I12 -> 6.7588453e+10 | J55: =J56*J12 -> 7.4635441e+10
B56: Net Receivable(% of Revenue) | C56: =C55/C12 -> 0.15452111 | D56: =D55/D12 -> 0.15911137 | E56: =E55/E12 -> 0.16940427 | F56: =AVERAGE(C56:E56) -> 0.16101225 | G56: =AVERAGE(D56:F56) -> 0.16317596 | H56: =AVERAGE(E56:G56) -> 0.16453083 | I56: =AVERAGE(F56:H56) -> 0.16290635 | J56: =AVERAGE(G56:I56) -> 0.16353771
B57: Inventory | C57: {=_xldudf_WISE($C$2, B57, $C$10:$E$10)} -> 4946000000 | D57: 6331000000 | E57: 7286000000 | F57: =F58*F12 -> 6.3618301e+09 | G57: =G58*G12 -> 6.8446721e+09 | H57: =H58*H12 -> 7.0238085e+09 | I57: =I58*I12 -> 6.9281169e+09 | J57: =J58*J12 -> 7.742766e+09
B58: Inventory(% of Revenue) | C58: =C57/C12 -> 0.012542858 | D58: =D57/D12 -> 0.016517735 | E58: =E57/E12 -> 0.018632603 | F58: =AVERAGE(C58:E58) -> 0.015897732 | G58: =AVERAGE(D58:F58) -> 0.017016023 | H58: =AVERAGE(E58:G58) -> 0.017182119 | I58: =AVERAGE(F58:H58) -> 0.016698625 | J58: =AVERAGE(G58:I58) -> 0.016965589
B59: Other Current Assets | C59: {=_xldudf_WISE(C2, B59:B60,C48:E48)} -> 21223000000 | D59: 14695000000 | E59: 14287000000 | F59: =E59 -> 14287000000 | G59: =F59 -> 14287000000 | H59: =G59 -> 14287000000 | I59: =H59 -> 14287000000 | J59: =I59 -> 14287000000
B60: Total Current Assets | C60: 135405000000 | D60: 143566000000 | E60: 152987000000 | F60: =SUM(F59,F57,F55,F52:F54) -> 2.8836721e+11 | G60: =SUM(G59,G57,G55,G52:G54) -> 3.7534385e+11 | H60: =SUM(H59,H57,H55,H52:H54) -> 4.6841618e+11 | I60: =SUM(I59,I57,I55,I52:I54) -> 5.5859348e+11 | J60: =SUM(J59,J57,J55,J52:J54) -> 6.5066234e+11
B62: Property Plant Equipment Net | C62: {=_xldudf_WISE($C$2, $B$62:$B$69, C48:E48)} -> 52534000000 | D62: 54376000000 | E62: 45680000000 | F62: =E62-F141-F110 -> 4.6015993e+10 | G62: =F62-G141-G110 -> 4.420826e+10 | H62: =G62-H141-H110 -> 3.2457521e+10 | I62: =H62-I141-I110 -> 2.3549846e+10 | J62: =I62-J141-J110 -> 1.7379174e+10
B63: Goodwill | C63: 0 | D63: 0 | E63: 0
B64: Intangible Assets | C64: 0 | D64: 0 | E64: 0
B65: Goodwill And Intangible Assets | C65: 0 | D65: 0 | E65: 0
B66: Long Term Investments | C66: 120805000000 | D66: 100544000000 | E66: 91479000000
B67: Tax Assets | C67: 15375000000 | D67: 17852000000 | E67: 19499000000
B68: Other Non Current Assets | C68: 28636000000 | D68: 36245000000 | E68: 55335000000 | F68: =E68 -> 55335000000 | G68: =F68 -> 55335000000 | H68: =G68 -> 55335000000 | I68: =H68 -> 55335000000 | J68: =I68 -> 55335000000
B69: Total Non Current Assets | C69: 217350000000 | D69: 209017000000 | E69: 211993000000 | F69: =SUM(F62:F68) -> 1.0135099e+11 | G69: =SUM(G62:G68) -> 9.954326e+10 | H69: =SUM(H62:H68) -> 8.7792521e+10 | I69: =SUM(I62:I68) -> 7.8884846e+10 | J69: =SUM(J62:J68) -> 7.2714174e+10
B71: Other Assets | C71: {=_xldudf_WISE($C$2, B71:B72, C48:E48)} -> 0 | D71: 0 | E71: 0 | F71: =E71 -> 0 | G71: =F71 -> 0 | H71: =G71 -> 0 | I71: =H71 -> 0 | J71: =I71 -> 0
B72: Total Assets | C72: 352755000000 | D72: 352583000000 | E72: 364980000000 | F72: =SUM(F71+F69+F60) -> 3.8971821e+11 | G72: =SUM(G71+G69+G60) -> 4.7488711e+11 | H72: =SUM(H71+H69+H60) -> 5.562087e+11 | I72: =SUM(I71+I69+I60) -> 6.3747833e+11 | J72: =SUM(J71+J69+J60) -> 7.2337651e+11
B74: Liabilities
B76: Account Payables | C76: {=_xldudf_WISE($C$2, B76, $C$10:$E$10)} -> 64115000000 | D76: 62611000000 | E76: 68960000000 | F76: =F77*F15 -> 6.7089636e+10 | G76: =G77*G15 -> 6.8081643e+10 | H76: =H77*H15 -> 6.9969057e+10 | I76: =I77*I15 -> 7.0269192e+10 | J76: =J77*J15 -> 7.755329e+10
B77: AP (% of COGS) | C77: =C76/C15 -> 0.28680898 | D77: =D76/D15 -> 0.29238758 | E77: =E76/E15 -> 0.32783144 | F77: =AVERAGE(C77:E77) -> 0.30234267 | G77: =AVERAGE(D77:F77) -> 0.30752057 | H77: =AVERAGE(E77:G77) -> 0.31256489 | I77: =AVERAGE(F77:H77) -> 0.30747604 | J77: =AVERAGE(G77:I77) -> 0.30918717
B78: Short Term Debt | C78: {=_xldudf_WISE($C$2, B78:B80, $C$10:$E$10)} -> 22773000000 | D78: 17382000000 | E78: 22511000000 | F78: =E78 -> 22511000000 | G78: =F78 -> 22511000000 | H78: =G78 -> 22511000000 | I78: =H78 -> 22511000000 | J78: =I78 -> 22511000000
B79: Tax Payables | C79: 6552000000 | D79: 8819000000 | E79: 26601000000
B80: Deferred Revenue | C80: 7912000000 | D80: 8061000000 | E80: 8249000000 | F80: =F81*F12 -> 8.2957242e+09 | G80: =G81*G12 -> 8.4280518e+09 | H80: =H81*H12 -> 8.5542582e+09 | I80: =I81*I12 -> 8.6586107e+09 | J80: =J81*J12 -> 9.5456469e+09
B81: Deferred Revenue (% of Revenue) | C81: =C80/C12 -> 0.020064515 | D81: =D80/D12 -> 0.021031347 | E81: =E80/E12 -> 0.021095298 | F81: =AVERAGE(C81:E81) -> 0.020730387 | G81: =AVERAGE(D81:F81) -> 0.020952344 | H81: =AVERAGE(E81:G81) -> 0.02092601 | I81: =AVERAGE(F81:H81) -> 0.02086958 | J81: =AVERAGE(G81:I81) -> 0.020915978
B82: Other Current Liabilities | C82: {=_xldudf_WISE(C2,B82:B83,C48:E48)} -> 52630000000 | D82: 48435000000 | E82: 50071000000
B83: Total Current Liabilities | C83: 153982000000 | D83: 145308000000 | E83: 176392000000 | F83: =SUM(F78:F80,F76,F82) -> 9.789636e+10 | G83: =SUM(G78:G80,G76,G82) -> 9.9020695e+10 | H83: =SUM(H78:H80,H76,H82) -> 1.0103431e+11 | I83: =SUM(I78:I80,I76,I82) -> 1.014388e+11 | J83: =SUM(J78:J80,J76,J82) -> 1.0960994e+11
B85: Long Term Debt | C85: {=_xldudf_WISE($C$2, B85:B86, C48:E48)} -> 109707000000 | D85: 106548000000 | E85: 96548000000 | F85: =E85 -> 96548000000 | G85: =F85 -> 96548000000 | H85: =G85 -> 96548000000 | I85: =H85 -> 96548000000 | J85: =I85 -> 96548000000
B86: Deferred Revenue Non Current | C86: 0 | D86: 0 | E86: 0 | F86: =F87*F12 -> 0 | G86: =G87*G12 -> 0 | H86: =H87*H12 -> 0 | I86: =I87*I12 -> 0 | J86: =J87*J12 -> 0
B87: DRNC (% of Revenue) | C87: =C86/C12 -> 0 | D87: =D86/D12 -> 0 | E87: =E86/E12 -> 0 | F87: =AVERAGE(C87:E87) -> 0 | G87: =AVERAGE(D87:F87) -> 0 | H87: =AVERAGE(E87:G87) -> 0 | I87: =AVERAGE(F87:H87) -> 0 | J87: =AVERAGE(G87:I87) -> 0
B88: Deferred Tax Liabilities Non Current | C88: {=_xldudf_WISE($C$2, B88:B90, C48:E48)} -> 0 | D88: 0 | E88: 0 | F88: =E88 -> 0 | G88: =F88 -> 0 | H88: =G88 -> 0 | I88: =H88 -> 0 | J88: =I88 -> 0
B89: Other Non Current Liabilities | C89: 38394000000 | D89: 38581000000 | E89: 35090000000 | F89: =E89 -> 35090000000 | G89: =F89 -> 35090000000 | H89: =G89 -> 35090000000 | I89: =H89 -> 35090000000 | J89: =I89 -> 35090000000
B90: Total Non Current Liabilities | C90: 148101000000 | D90: 145129000000 | E90: 131638000000 | F90: =SUM(F88:F89,F85:F86) -> 131638000000 | G90: =SUM(G88:G89,G85:G86) -> 131638000000 | H90: =SUM(H88:H89,H85:H86) -> 131638000000 | I90: =SUM(I88:I89,I85:I86) -> 131638000000 | J90: =SUM(J88:J89,J85:J86) -> 131638000000
B92: Other Liabilities | C92: {=_xldudf_WISE($C$2, B92:B93, C48:E48)} -> 0 | D92: 0 | E92: 0 | F92: =E92 -> 0 | G92: =F92 -> 0 | H92: =G92 -> 0 | I92: =H92 -> 0 | J92: =I92 -> 0
B93: Total Liabilities | C93: 302083000000 | D93: 290437000000 | E93: 308030000000 | F93: =SUM(F90,F83) -> 2.2953436e+11 | G93: =SUM(G90,G83) -> 2.3065869e+11 | H93: =SUM(H90,H83) -> 2.3267231e+11 | I93: =SUM(I90,I83) -> 2.330768e+11 | J93: =SUM(J90,J83) -> 2.4124794e+11
B95: Stockholders Equity
B97: Common Stock | C97: {=_xldudf_WISE($C$2, B97:B101, C48:E48)} -> 64849000000 | D97: 73812000000 | E97: 83276000000 | F97: =E97 -> 83276000000 | G97: =F97 -> 83276000000 | H97: =G97 -> 83276000000 | I97: =H97 -> 83276000000 | J97: =I97 -> 83276000000
B98: Retained Earnings | C98: -3068000000 | D98: -214000000 | E98: -19154000000 | F98: =E98+F42-F132 -> 6.0284509e+10 | G98: =F98+G42-G132 -> 1.4035431e+11 | H98: =G98+H42-H132 -> 2.2243617e+11 | I98: =H98+I42-I132 -> 3.0518773e+11 | J98: =I98+J42-J132 -> 3.9635786e+11
B99: Accumulated Other Comprehensive Income Loss | C99: -11109000000 | D99: -11452000000 | E99: -7172000000 | F99: =E99 -> -7172000000 | G99: =F99 -> -7172000000 | H99: =G99 -> -7172000000 | I99: =H99 -> -7172000000 | J99: =I99 -> -7172000000
B100: Othertotal Stockholders Equity | C100: 0 | D100: 0 | E100: 0 | F100: =E100 -> 0 | G100: =F100 -> 0 | H100: =G100 -> 0 | I100: =H100 -> 0 | J100: =I100 -> 0
B101: Total Stockholders Equity | C101: 50672000000 | D101: 62146000000 | E101: 56950000000 | F101: =SUM(F97:F100) -> 1.3638851e+11 | G101: =SUM(G97:G100) -> 2.1645831e+11 | H101: =SUM(H97:H100) -> 2.9854017e+11 | I101: =SUM(I97:I100) -> 3.8129173e+11 | J101: =SUM(J97:J100) -> 4.7246186e+11
B103: Total Liabilities and Stockholders Equity | C103: {=_xldudf_WISE($C$2, B103, $C$10:$E$10)} -> 352755000000 | D103: 352583000000 | E103: 364980000000 | F103: =SUM(F101,F93) -> 3.6592287e+11 | G103: =SUM(G101,G93) -> 4.47117e+11 | H103: =SUM(H101,H93) -> 5.3121248e+11 | I103: =SUM(I101,I93) -> 6.1436853e+11 | J103: =SUM(J101,J93) -> 7.137098e+11
B106: Cash Flows | C106: FY | F106: E
C107: =D107-1 -> 2022 | D107: =E107-1 -> 2023 | E107: =F107-1 -> 2024 | F107: =C4 -> 2025 | G107: =F107+1 -> 2026 | H107: =G107+1 -> 2027 | I107: =H107+1 -> 2028 | J107: =I107+1 -> 2029
B109: Net Income | C109: {=_xldudf_WISE(C2,B109:B110,C107:E107)} -> 99803000000 | D109: 96995000000 | E109: 93736000000 | F109: =F42 -> 7.9438509e+10 | G109: =G42 -> 8.0069796e+10 | H109: =H42 -> 8.2081863e+10 | I109: =I42 -> 8.2751563e+10 | J109: =J42 -> 9.1170128e+10
B110: Depreciation And Amortization | C110: 11104000000 | D110: 11519000000 | E110: 11445000000 | F110: =F111*F12 -> 1.1669172e+10 | G110: =G111*G12 -> 1.186395e+10 | H110: =H111*H12 -> 1.1980552e+10 | I110: =I111*I12 -> 1.2164907e+10 | J110: =J111*J12 -> 1.3405787e+10
B111: D&A (% of Revenue) | C111: =C110/C12 -> 0.028159299 | D111: =D110/D12 -> 0.030053355 | E111: =E110/E12 -> 0.02926848 | F111: =AVERAGE(C111:E111) -> 0.029160378 | G111: =AVERAGE(D111:F111) -> 0.029494071 | H111: =AVERAGE(E111:G111) -> 0.029307643 | I111: =AVERAGE(F111:H111) -> 0.029320697 | J111: =AVERAGE(G111:I111) -> 0.029374137
B112: Deferred Income Tax | C112: {=_xldudf_WISE($C$2, $B$112:$B$120, C107:E107)} -> 895000000 | D112: 0 | E112: 0
B113: Stock Based Compensation | C113: 9038000000 | D113: 10833000000 | E113: 11688000000 | F113: =E113 -> 11688000000 | G113: =F113 -> 11688000000 | H113: =G113 -> 11688000000 | I113: =H113 -> 11688000000 | J113: =I113 -> 11688000000
B114: Change In Working Capital | C114: 1200000000 | D114: -6577000000 | E114: 3651000000 | F114: =(E60-E83)-(F60-F83) -> -2.1387585e+11 | G114: =(F60-F83)-(G60-G83) -> -8.5852299e+10 | H114: =(G60-G83)-(H60-H83) -> -9.1058716e+10 | I114: =(H60-H83)-(I60-I83) -> -8.9772812e+10 | J114: =(I60-I83)-(J60-J83) -> -8.389772e+10
B115: Accounts Receivables | C115: -1823000000 | D115: -1688000000 | E115: -5144000000 | F115: =E55-F55 -> 1.8103763e+09 | G115: =F55-G55 -> -1.2046845e+09 | H115: =G55-H55 -> -1.6205778e+09 | I115: =H55-I55 -> -3.3056697e+08 | J115: =I55-J55 -> -7.0469884e+09
B116: Inventory | C116: 4946000000 | D116: 6331000000 | E116: 7286000000 | F116: =E57-F57 -> 9.2416989e+08 | G116: =F57-G57 -> -4.8284202e+08 | H116: =G57-H57 -> -1.7913637e+08 | I116: =H57-I57 -> 95691556 | J116: =I57-J57 -> -8.1464904e+08
B117: Accounts Payables | C117: 9448000000 | D117: -1889000000 | E117: 6020000000 | F117: =E76-F76 -> 1.8703639e+09 | G117: =F76-G76 -> -9.9200705e+08 | H117: =G76-H76 -> -1.8874134e+09 | I117: =H76-I76 -> -3.0013525e+08 | J117: =I76-J76 -> -7.284098e+09
B118: Other Working Capital | C118: 478000000 | D118: -2653000000 | E118: 3821000000
B119: Other Non Cash Items | C119: 111000000 | D119: -2227000000 | E119: -2266000000 | F119: 0 | G119: 0 | H119: 0 | I119: 0 | J119: 0
B120: Net Cash Provided By Operating Activities | C120: 122151000000 | D120: 110543000000 | E120: 118254000000 | F120: =SUM(F109:F110,F115:F119) -> 9.5712592e+10 | G120: =SUM(G109:G110,G115:G119) -> 8.9254212e+10 | H120: =SUM(H109:H110,H115:H119) -> 9.0375287e+10 | I120: =SUM(I109:I110,I115:I119) -> 9.4381459e+10 | J120: =SUM(J109:J110,J115:J119) -> 8.9430179e+10
B122: Investments In Property Plant And Equipment | C122: {=_xldudf_WISE($C$2, $B$122:$B$127, C107:E107)} -> -10708000000 | D122: -10959000000 | E122: -9447000000 | F122: =F141 -> -1.2005166e+10 | G122: =G141 -> -1.0056216e+10 | H122: =H141 -> -2.2981295e+08 | I122: =I141 -> -3.2572321e+09 | J122: =J141 -> -7.2351147e+09
B123: Acquisitions Net | C123: -306000000 | D123: 0 | E123: 0
B124: Purchases Of Investments | C124: -76923000000 | D124: -29513000000 | E124: -48656000000
B125: Sales Maturities Of Investments | C125: 67363000000 | D125: 45514000000 | E125: 62346000000
...

Sheet DCF
B2: Discounted Cash Flow Analysis | E2: {=[1]!_xldudf_WISEPRICE('Statements Model'!C2,"Name")} -> #NAME?
E3: ='Statements Model'!C2 -> AAPL | G3: Yellow cells are to be entered in manually or if left blank will be filled with the average of previous years statements model
B5: Cash Flow Projections | E5: E | K5: DCF Assumptions | O5: WACC Calculation
D6: ='Statements Model'!E10 -> 2024 | E6: ='Statements Model'!F107 -> 2025 | F6: ='Statements Model'!G107 -> 2026 | G6: ='Statements Model'!H107 -> 2027 | H6: ='Statements Model'!I107 -> 2028 | I6: ='Statements Model'!J107 -> 2029
K7: Discount Rate: | M7: =P24 -> #NAME? | O7: #VALUE! | P7: {=_FV(O7,"Yield yesterday",TRUE)} -> 0.04439
B8: EBITDA | E8: ='Statements Model'!F35 -> 1.2221309e+11 | F8: ='Statements Model'!G35 -> 1.231843e+11 | G8: ='Statements Model'!H35 -> 1.2627979e+11 | H8: ='Statements Model'!I35 -> 1.273101e+11 | I8: ='Statements Model'!J35 -> 1.4026174e+11 | O8: #VALUE! | P8: {=_FV(O8,"Yield yesterday",TRUE)} -> 0.04063
K9: Terminal Growth Rate: | M9: 0.02
B10: Free Cash Flow | E10: ='Statements Model'!F143 -> 8.3707426e+10 | F10: ='Statements Model'!G143 -> 2.3095677e+11 | G10: ='Statements Model'!H143 -> 2.2954887e+11 | H10: ='Statements Model'!I143 -> 2.3250505e+11 | I10: ='Statements Model'!J143 -> 2.4480036e+11 | K10: Terminal Value: | M10: =I10*(1+M9)/(M7-M9) -> #NAME? | O10: Rf | P10: =AVERAGE(P7:P8) -> 0.04251
B11: Present Value of FCF | E11: =E10/((1+$M$7)^(E6-$D$6)) -> #NAME? | F11: =F10/((1+$M$7)^(F6-$D$6)) -> #NAME? | G11: =G10/((1+$M$7)^(G6-$D$6)) -> #NAME? | H11: =H10/((1+$M$7)^(H6-$D$6)) -> #NAME? | I11: =I10/((1+$M$7)^(I6-$D$6)) -> #NAME? | O11: Beta | P11: {=[1]!_xldudf_WISEPRICE(E3, "beta")} -> #NAME?
K12: PV of Terminal Value: | M12: =M10/((1+M7)^5) -> #NAME? | O12: Rm | P12: 0.08
K13: Sum of PV of Cash Flows: | M13: =SUM(E11:I11) -> #NAME? | O13: Ke | P13: =P10+P11*(P12-P10) -> #NAME?
K14: Enterprise Value: | M14: =SUM(M12:M13) -> #NAME?
O15: Tax Rate | P15: 0.35
B16: Market Value vs Intrinsic Value | K16: Balance Sheet Adjustments: | O16: Market Cap | P16: {=[1]!_xldudf_WISEPRICE('Statements Model'!C2,DCF!O16)} -> #NAME?
K17: Implied Equity Value: | M17: =M14-M16 -> #NAME? | O17: Cash and Cash Equivalents | P17: {=[1]!_xldudf_WISE($E$3,O17,$D$6)} -> #NAME?
B18: MarketValue | D18: =M20 -> #NAME? | O18: Total Debt | P18: {=[1]!_xldudf_WISE($E$3,O18,$D$6)} -> #NAME?
B19: =IF(M22>0,"Upside","Downside") -> #NAME? | D19: =M22 -> #NAME? | K19: Implied Price per Share: | M19: =M17/'Statements Model'!C6 -> #NAME? | O19: Ve | P19: =P16-P17+P18 -> #NAME?
B20: Intrinsic Value | D20: =M19 -> #NAME? | K20: Current Price: | L20: Price | M20: {=[1]!_xldudf_WISEPRICE('Statements Model'!C2,L20)} -> #NAME?
O21: Vd | P21: =P18 -> #NAME?
K22: =IF(M22>0,"Potential Upside ($)","Potential Downside ($)") -> #NAME? | M22: =M19-M20 -> #NAME? | O22: Kd | P22: 0.02
K23: =IF(M23>0,"Potential Upside (%)","Potential Downside (%)") -> #NAME? | M23: =M22/M20 -> #NAME?
O24: WACC | P24: =(P19/(P19+P21))*P13+(P21/(P19+P21))*P22*(1-P15) -> #NAME?
K26: Instructions:
K27: 1. Make sure you download the Wisesheets add-in and sign in with your account
K28: 2. Green cells are to be entered in manually or if left blank will be filled with the average of previous years statements model
K29: 3. If you find #NAME then click on find and select and replace everything before the function with nothing for example: '/Applications/Microsoft Excel.app/Contents/Frameworks/ATP.framework/Resources/en.lproj/FUNCRES.XLAM'!_xldudf_
K30: 4. Contact us at info@wisesheets.io if you have any questions
